Map: 2000 Atmospheres LE

Players

Scarlett

  • Race: Zerg Zerg

ByuN - Winner!

  • Race: Terran Terran

Event: TSL 8

VOD

Have the link to the VOD?

Description

Time

  • Played on: Nov. 27, 2021, 12:14 p.m.
  • Length: 26:44

All games in this series

Show
View Real Time Build Order
Export as new Build Order

Scarlett Zerg 

Build Orders: Hatch First 

Get SALT Encoding   

  12  0:00  Drone  
  13  0:12  Overlord  
  13  0:17  Drone  
  14  0:30  Drone x2  
  16  0:46  Hatchery  
  15  0:50  Drone  
  15  0:53  Drone  
  15  0:56  Drone  
  18  1:08  Extractor  
  17  1:12  Spawning Pool  
  17  1:15  Drone  
  17  1:19  Drone  
  18  1:27  Drone  
  19  1:39  Drone  
  20  1:51  Drone  
  21  1:59  Queen x2  
  25  2:01  Zergling x4  
  27  2:09  Drone  
  27  2:11  Overlord  
  28  2:19  Hatchery  
  27  2:23  Drone  
  27  2:29  Drone  
  29  2:30  Drone  
  29  2:36  Queen  
  32  2:40  Metabolic Boost  
  32  2:45  Overlord  
  32  2:50  Drone x2  
  34  2:53  Drone  
  34  2:55  Drone  
  36  3:04  Overlord  
  36  3:05  Drone  
  36  3:07  Drone x2  
  36  3:08  Drone  
  40  3:13  Queen  
  40  3:19  Queen  
  42  3:22  Drone  
  42  3:24  Drone  
  46  3:30  Drone  
  46  3:31  Queen  
  49  3:37  Overlord  
  49  3:38  Drone x2  
  51  3:44  Drone x4  
  51  3:48  Drone x2  
  57  3:54  Queen  
  59  3:57  Baneling Nest  
  59  4:01  Overlord  
  57  4:04  Zergling x6  
  59  4:11  Overlord x2  
  59  4:17  Overlord  
  59  4:22  Zergling x8, Spore Crawler  
  59  4:24  Spore Crawler  
  59  4:30  Drone, Queen  
  61  4:31  Drone x2  
  61  4:33  Drone  
  61  4:34  Drone  
  61  4:35  Drone  
  66  4:38  Drone x2  
  66  4:40  Baneling x3  
  66  4:41  Baneling  
  66  4:43  Baneling x2  
  68  4:46  Drone x2  
  68  4:49  Drone x2  
  68  4:50  Drone  
  68  4:52  Drone  
  74  4:57  Drone x4  
  78  5:04  Spore Crawler  
  78  5:05  Drone x4  
  81  5:10  Baneling  
  81  5:11  Baneling x3  
  78  5:24  Drone x11  
  78  5:28  Extractor  
  88  5:29  Extractor  
  88  5:32  Extractor x2  
  85  5:40  Hatchery  
  84  5:43  Drone x5  
  89  5:53  Spore Crawler  
  89  5:54  Drone, Overlord x2  
  89  5:57  Lair  
  89  5:59  Evolution Chamber, Extractor  
  89  6:00  Evolution Chamber  
  89  6:01  Drone, Overlord x2  
  89  6:02  Drone x2  
  89  6:09  Overlord  
  89  6:10  Overlord  
  89  6:11  Overlord  
  89  6:12  Spore Crawler  
  89  6:15  Zergling x2  
  89  6:16  Zergling x10  
  89  6:18  Queen  
  96  6:21  Zergling x4  
  96  6:22  Baneling  
  96  6:23  Baneling x3  
  96  6:24  Zergling x6  
  101  6:26  Zerg Ground Armor Level 1  
  101  6:27  Zerg Melee Weapons Level 1  
  97  6:43  Drone x5  
  101  6:50  Drone x8  
  107  6:57  Overseer  
  107  7:00  Overseer  
  107  7:04  Drone x3  
  110  7:12  Drone x8  
  110  7:15  Zergling x8  
  122  7:16  Hatchery, Centrifugal Hooks  
  122  7:22  Zergling x10  
  126  7:31  Zergling x8  
  126  7:34  Zergling x8  
  132  7:39  Queen x2  
  132  7:43  Zergling x12  
  133  7:46  Zergling x2  
  129  7:53  Queen x2  
  129  7:54  Zergling x2  
  129  7:55  Zergling x4  
  133  7:59  Zergling x10  
  133  8:01  Zergling x8  
  133  8:03  Baneling  
  133  8:04  Baneling x4, Zergling x2  
  142  8:13  Zergling x6  
  137  8:22  Zergling x18  
  136  8:37  Spire, Zerg Ground Armor Level 2, Zerg Melee Weapons Level 2  
  136  8:40  Baneling x7  
  135  8:42  Zergling x4  
  135  8:43  Zergling x16  
  138  8:51  Zergling x20  
  125  8:55  Zergling x2  
  125  8:56  Queen  
  125  8:57  Queen x2  
  123  9:03  Zergling x6  
  123  9:04  Zergling x4  
  123  9:06  Zergling x2  
  123  9:07  Zergling x10  
  123  9:08  Baneling  
  123  9:09  Baneling x9  
  131  9:14  Overlord x3  
  130  9:20  Zergling x6  
  133  9:24  Zergling x2  
  133  9:30  Zergling x4  
  136  9:41  Overlord x3  
  136  9:42  Zergling x8  
  136  9:43  Queen x3  
  136  9:44  Baneling  
  136  9:45  Baneling x9  
  145  9:47  Zergling x4  
  147  9:53  Zergling x4  
  144  10:06  Hatchery  
  112  10:15  Mutalisk x4  
  112  10:16  Mutalisk x9  
  117  10:22  Mutalisk  
  117  10:24  Mutalisk x4  
  126  10:33  Zergling x2  
  126  10:34  Zergling x2  
  119  10:39  Zergling x6  
  120  10:44  Zergling x2  
  120  10:45  Zergling x2  
  114  10:56  Zerg Flyer Weapons Level 1, Mutalisk x5  
  113  11:00  Drone x7  
  127  11:09  Mutalisk x2  
  127  11:11  Zergling x4  
  118  11:16  Zergling x4  
  105  11:27  Mutalisk x2  
  105  11:30  Drone x5  
  110  11:37  Zergling x6  
  110  11:39  Baneling x8  
  113  11:40  Zergling x2  
  113  11:41  Zergling x2  
  115  11:52  Drone x4  
  119  11:57  Hatchery, Mutalisk x2  
  122  12:02  Zergling x4  
  122  12:07  Zergling x6  
  125  12:16  Zergling x4  
  125  12:21  Zergling x8  
  131  12:29  Extractor  
  130  12:31  Extractor  
  130  12:33  Mutalisk x5  
  139  12:39  Drone x4  
  139  12:40  Drone x2  
  144  12:45  Pneumatized Carapace  
  144  12:46  Overseer  
  144  12:50  Zerg Flyer Armor Level 1  
  144  12:55  Mutalisk x2  
  148  13:02  Zergling x16  
  156  13:07  Baneling x9  
  156  13:09  Drone  
  156  13:10  Drone  
  156  13:11  Drone  
  156  13:12  Drone x9  
  168  13:22  Zergling x12  
  174  13:28  Zergling x6  
  174  13:32  Zergling x10  
  174  13:34  Baneling x11  
  182  13:36  Zergling x8  
  182  13:41  Zergling x6  
  189  13:43  Overlord x2  
  186  13:57  Zergling x8, Overlord x2  
  188  14:05  Hatchery  
  184  14:16  Zergling x28  
  187  14:38  Zergling x26  
  182  14:44  Zerg Flyer Weapons Level 2  
  171  14:57  Mutalisk x7  
  185  15:00  Infestation Pit  
  185  15:02  Zergling x4  
  185  15:06  Hatchery  
  185  15:10  Baneling x14  
  183  15:28  Mutalisk x7  
  179  15:32  Burrow  
  191  15:41  Overseer  
  191  15:42  Overseer  
  172  15:51  Zergling x28  
  172  15:52  Zergling x2  
  184  15:57  Zergling x8  
  184  15:58  Zergling x2  
  184  16:00  Zergling x4  
  191  16:04  Baneling x2  
  191  16:05  Baneling x5  
  191  16:09  Baneling x6  
  191  16:14  Zergling x4  
  191  16:15  Zergling x4  
  191  16:17  Baneling x3  
  195  16:20  Zergling x4  
  195  16:28  Zergling x12  
  193  16:37  Hatchery  
  179  16:59  Drone x3  
  182  17:02  Mutalisk x4  
  182  17:03  Baneling x5, Mutalisk x3  
  182  17:04  Baneling x25  
  192  17:27  Drone x2  
  194  17:33  Hatchery, Baneling x12  
  194  17:34  Baneling x3  
  194  17:36  Zerg Flyer Armor Level 2  
  193  17:45  Extractor  
  193  17:50  Mutalisk x4  
  200  17:57  Baneling x14  
  178  18:18  Spore Crawler  
  172  18:23  Hive  
  172  18:29  Drone x3  
  172  18:30  Spine Crawler  
  172  18:31  Spine Crawler  
  172  18:33  Zergling x2  
  172  18:34  Zergling x28  
  179  18:37  Baneling x14  
  177  18:42  Zergling x10  
  172  19:00  Drone x3  
  163  19:12  Drone x2  
  163  19:15  Drone  
  163  19:16  Zergling x6  
  163  19:17  Zergling x28  
  163  19:41  Zergling x34  
  163  19:48  Zergling x10  
  167  19:53  Overseer  
  97  20:53  Zergling x12  
  97  20:54  Zergling x4  
  104  20:57  Baneling x3  
  104  20:58  Baneling x2  
  97  21:42  Hatchery  
  97  21:43  Baneling x5  
  96  21:47  Baneling x2  
  92  22:32  Hatchery  
  88  23:01  Zergling x6  
  88  23:02  Zergling x12  
  95  23:15  Overseer  
  95  23:34  Hatchery  
  95  23:39  Zergling x4  
  90  23:54  Zergling x10  
  88  24:11  Adrenal Glands  
  88  24:17  Extractor  
  88  24:23  Mutalisk x6  
  99  24:40  Zergling x10  
  99  24:45  Baneling x6  
  107  24:47  Baneling x8  
  107  24:52  Zergling x8  
  57  25:20  Zergling x6  
  57  25:21  Zergling x6  
  58  25:29  Baneling  
  58  25:30  Baneling x3  
  58  25:41  Zergling x4  
  60  25:45  Zergling x2  
  57  25:55  Zergling x4  
  59  26:11  Zergling x6  
Show
View Real Time Build Order
Export as new Build Order

ByuN Terran - Winner!

Build Orders: Hellion Banshee 

Get SALT Encoding   

  12  0:00  SCV  
  13  0:12  SCV  
  14  0:18  Supply Depot  
  14  0:24  SCV  
  15  0:40  SCV  
  15  0:42  Barracks  
  16  0:44  Refinery  
  16  0:52  SCV  
  17  1:04  SCV  
  18  1:16  SCV  
  19  1:28  Orbital Command  
  19  1:29  Marine  
  20  1:42  Command Center  
  20  1:54  Factory  
  20  1:57  SCV  
  21  2:03  Barracks Reactor  
  21  2:06  Refinery  
  21  2:09  SCV  
  22  2:16  Supply Depot  
  22  2:21  SCV  
  23  2:37  SCV  
  23  2:38  Hellion  
  23  2:39  Starport  
  23  2:40  Marine  
  23  2:43  Marine  
  28  2:49  SCV  
  29  2:54  Orbital Command  
  29  3:00  Hellion  
  29  3:01  Marine  
  29  3:04  Marine  
  33  3:06  SCV  
  34  3:15  Medivac  
  34  3:18  SCV  
  38  3:20  SCV  
  38  3:21  Hellion  
  38  3:23  Marine  
  38  3:25  Marine  
  42  3:30  Supply Depot  
  42  3:32  SCV  
  42  3:34  SCV  
  44  3:42  Supply Depot  
  44  3:46  SCV  
  44  3:47  SCV  
  46  3:48  Starport Tech Lab  
  46  4:00  Hellion  
  46  4:01  Hellion  
  50  4:03  SCV x2  
  50  4:05  Supply Depot  
  50  4:07  Armory  
  52  4:15  SCV x2  
  54  4:17  Cloaking Field, Banshee  
  57  4:27  Hellion, SCV x2  
  57  4:29  Hellion  
  63  4:32  Supply Depot  
  63  4:39  SCV x2  
  63  4:44  Barracks Tech Lab  
  65  4:51  SCV  
  70  4:53  SCV  
  70  4:54  Barracks  
  70  4:59  Factory Reactor  
  67  5:00  Barracks  
  67  5:03  Banshee, Marine  
  67  5:05  Stimpack  
  67  5:06  SCV  
  72  5:11  Refinery, Engineering Bay  
  72  5:12  Supply Depot  
  72  5:13  SCV  
  73  5:19  SCV  
  66  5:24  Marine  
  66  5:25  SCV  
  68  5:31  SCV  
  69  5:36  Command Center  
  69  5:37  Terran Infantry Weapons Level 1  
  69  5:42  SCV, Marine  
  70  5:43  SCV, Refinery, Marine x2  
  70  5:48  Supply Depot  
  74  5:54  Siege Tank, Starport Reactor  
  74  5:57  Marine x2  
  77  5:58  SCV  
  77  5:59  SCV  
  77  6:00  Marine  
  77  6:01  Marine x2  
  84  6:08  Supply Depot  
  84  6:13  Supply Depot, Barracks x2  
  84  6:17  SCV  
  84  6:18  SCV  
  86  6:21  Marine x2  
  86  6:22  Marine x3  
  91  6:26  Siege Tank  
  94  6:40  Medivac x2  
  94  6:45  Combat Shield  
  94  6:46  Supply Depot x2  
  98  6:47  Marine x2  
  98  6:49  Marine  
  98  6:50  Marine  
  98  6:51  Marine  
  98  6:53  Orbital Command  
  103  6:58  SCV, Siege Tank  
  103  6:59  SCV  
  108  7:02  Barracks Reactor  
  108  7:03  Barracks Reactor  
  108  7:05  Marine x2  
  108  7:07  Marine x2  
  112  7:09  Marine  
  112  7:14  Supply Depot  
  113  7:21  Medivac x2  
  117  7:23  Marine x2  
  117  7:25  Marine x2  
  121  7:33  Marine  
  121  7:35  Siege Tank  
  125  7:40  Marine  
  125  7:41  Marine  
  125  7:43  Marine x2  
  126  7:45  SCV x2, Marine x3  
  126  7:46  Marine  
  126  7:51  Medivac, Marine  
  129  7:54  Orbital Command  
  130  7:58  Marine x2  
  130  8:02  Terran Infantry Armor Level 1  
  132  8:07  Siege Tank  
  132  8:10  Marine  
  132  8:11  Marine x3  
  132  8:12  Marine x3  
  142  8:16  Marine x2  
  126  8:28  Marine  
  126  8:29  Marine x4  
  126  8:33  Liberator  
  131  8:35  Liberator  
  131  8:36  Marine x2  
  136  8:43  Marine x2  
  130  8:51  Marine x3  
  130  8:52  Marine x2  
  130  8:54  Marine x2  
  124  9:01  Siege Tank, Marine x2  
  130  9:02  SCV  
  130  9:03  SCV x2  
  130  9:08  Marine  
  130  9:09  Marine x2  
  135  9:10  Marine x2  
  135  9:11  Marine  
  135  9:12  Marine  
  135  9:16  Medivac  
  139  9:18  Medivac  
  139  9:19  Supply Depot x2, Marine x2  
  143  9:26  Marine x2  
  143  9:27  Marine  
  143  9:29  Marine x3  
  149  9:32  Marine  
  149  9:37  Marine x2  
  149  9:41  Siege Tank, Armory  
  149  9:43  Refinery, Engineering Bay  
  149  9:44  Marine x3  
  155  9:46  Medivac  
  155  9:47  Marine x3  
  155  9:48  Medivac  
  155  9:50  Marine  
  160  9:54  SCV  
  160  9:55  SCV, Marine x2  
  160  9:58  SCV  
  149  10:02  Marine x3  
  149  10:05  Marine x2  
  149  10:06  SCV  
  152  10:07  SCV  
  152  10:10  SCV  
  152  10:14  Marine  
  148  10:18  SCV  
  148  10:19  SCV  
  148  10:20  Marine x2  
  127  10:22  SCV  
  127  10:27  Terran Infantry Armor Level 2  
  126  10:30  SCV  
  126  10:31  SCV  
  124  10:36  Marine x2  
  124  10:38  Marine x2  
  124  10:40  SCV  
  124  10:41  Marine  
  124  10:42  SCV  
  131  10:43  SCV  
  131  10:45  Medivac  
  131  10:48  Marine x2  
  117  10:57  Marine x2  
  117  10:58  Marine x2  
  117  11:00  Missile Turret  
  117  11:01  Missile Turret  
  108  11:10  Marine x2  
  108  11:11  Marine x3  
  105  11:15  Marine  
  105  11:16  Marine x2  
  105  11:18  Terran Infantry Weapons Level 2  
  108  11:25  Marine  
  101  11:28  Marine x3  
  101  11:29  Marine x2  
  98  11:33  Marine  
  98  11:34  Siege Tank, Marine x2  
  98  11:38  Medivac x2  
  103  11:48  Missile Turret  
  103  11:55  Marine  
  103  11:56  Marine x6  
  103  11:57  Marine x2  
  112  12:05  Thor  
  111  12:17  Marine x8  
  111  12:18  Marine  
  113  12:33  Factory  
  113  12:35  Marine x9  
  122  12:48  Thor  
  128  12:51  Medivac  
  128  12:52  Medivac, Drilling Claws, Marine  
  128  12:53  Marine x8  
  141  13:10  Supply Depot, Marine x2  
  141  13:11  Marine x6  
  149  13:17  Terran Infantry Armor Level 3  
  149  13:31  Marine x6  
  149  13:32  Medivac  
  157  13:38  Factory Reactor  
  157  13:58  Marine  
  157  13:59  Marine x2  
  157  14:00  Marine  
  157  14:01  Marine  
  157  14:06  Missile Turret, Supply Depot  
  157  14:08  Supply Depot  
  157  14:18  Terran Infantry Weapons Level 3  
  157  14:24  Orbital Command  
  157  14:29  Medivac, Marine x6  
  157  14:31  Medivac, Marine x3  
  165  14:32  Thor  
  135  14:47  Marine x6  
  135  14:48  Marine  
  135  14:49  Marine x2  
  130  14:59  Medivac  
  132  15:00  Widow Mine x2  
  132  15:01  Medivac  
  132  15:05  Marine x2  
  140  15:16  Marine x7  
  147  15:23  Marine  
  148  15:29  Widow Mine x2, Medivac  
  148  15:35  Widow Mine  
  156  15:37  Marine  
  157  15:45  Orbital Command  
  157  15:46  Marine  
  157  15:47  Marine x4  
  143  15:50  Widow Mine  
  143  15:51  Marine x2  
  143  15:52  Marine  
  143  15:54  Marine  
  149  16:04  Marine x3  
  149  16:05  Marine x2  
  149  16:09  Marine x3  
  157  16:25  Marine x2  
  157  16:26  Marine x4  
  157  16:27  Marine x3  
  144  16:43  Marine x4  
  144  16:44  Marine x2  
  144  16:45  Marine x2  
  151  16:47  Marine  
  148  17:01  Medivac  
  148  17:02  Medivac  
  151  17:14  Widow Mine x2  
  150  17:20  Missile Turret  
  149  17:38  Marauder  
  149  17:39  Widow Mine x2  
  155  17:50  Supply Depot  
  155  17:51  Supply Depot  
  155  17:55  Orbital Command  
  155  17:58  Sensor Tower  
  155  18:00  Supply Depot  
  155  18:08  Thor  
  155  18:10  Marine  
  155  18:11  Marine x2  
  144  18:13  Marine x2  
  146  18:23  Widow Mine x2  
  146  18:24  Marauder, Marine x3  
  155  18:28  Marine x3  
  155  18:31  Marine x2  
  137  18:42  Marine x3  
  137  18:45  Widow Mine x2, Marine  
  137  18:46  Marine x3  
  137  18:47  Missile Turret  
  148  18:49  Marine x2  
  148  18:51  Widow Mine  
  148  18:53  Medivac  
  147  19:00  Marine x3  
  148  19:03  Marine  
  148  19:04  Marine x3  
  148  19:07  Marine x2  
  147  19:16  SCV x2  
  147  19:17  Marine  
  147  19:18  Marine x2  
  147  19:20  Orbital Command  
  147  19:21  Marine  
  147  19:22  Marine x3  
  154  19:25  Marine  
  152  19:31  Marine  
  145  19:46  Marine  
  145  19:47  Marine  
  147  19:54  Marine  
  148  20:01  Marine  
  148  20:02  Marine  
  150  20:08  Medivac  
  146  20:18  Medivac  
  142  20:28  Missile Turret, Orbital Command  
  142  20:38  Marine  
  142  20:39  Marine  
  142  20:42  Marine x3  
  75  20:59  Marine x2  
  73  21:15  SCV  
  62  21:57  SCV  
  62  22:10  SCV x3  
  66  22:22  SCV x2  
  67  22:23  SCV  
  67  22:24  Marine  
  69  22:41  SCV x2  
  71  22:56  Orbital Command  
  71  23:02  Marine x7  
  79  23:08  SCV  
  81  23:14  SCV  
  81  23:16  Viking  
  82  23:25  SCV x2  
  84  23:30  Marine x4  
  84  23:33  Marine x2  
  88  23:40  Widow Mine x2, Marine  
  93  23:48  Marine x2  
  93  23:52  Marine x2  
  93  23:54  Marine x2  
  93  23:55  Medivac  
  97  24:05  Missile Turret  
  97  24:10  Marine  
  97  24:12  Marine  
  99  24:18  SCV  
  100  24:26  Marine x2  
  102  24:35  Marine  
  102  24:36  Marine  
  104  24:45  Marine x2  
  100  24:53  Marine  
  100  24:58  Marine x2  
  102  25:02  Marine  
  91  25:11  Marine x2  
  75  25:14  Marine  
  70  25:23  Marine x2  
  70  25:25  Marine  
  73  25:29  Marine  
  73  25:33  Marine x2  
  76  25:39  Marine  
  76  25:40  Marine, Orbital Command  
  78  25:55  Marine x2  
  80  25:58  Marine  
  80  26:03  Marine x2  
  80  26:04  Widow Mine x2  
  85  26:06  Marine  
  85  26:08  Marine  
  85  26:10  Marine  
  85  26:18  Marine x3  
Tags
 
Add a new tag
Caveats
  • Supply blocks, unpowered buildings, or Contaminate may cause inaccurate times.
  • Supply counts are checked every 10 seconds.